AoeStats
← Louis087577

Arabia

507127849Analyzed
3v3 RM · 17d ago on Sep 16, 2026· 21m 6s· 6 players
Game mode
Random Map
Map size
Normal (6 player)
Population
200
Speed
Normal
Resources
Standard
Victory
Conquest
Starting age
Dark Age
Ending age
Imperial Age
RankedLock teamsTeams togetherTeam positionsShared explorationLock speedFull tech treeHidden civsTurbo modeCheats
Victory
Defeat
🇳🇱 Bulgarians · Netherlands
1082
+14
🇺🇸 Teutons · United States
1048
+16
🇬🇷 Sicilians · Greece
1022
+17
🇫🇷 Ethiopians · France
1082
-17
🇫🇷 Teutons · France
1047
-16
🇫🇷 Persians · France
1001
-14
Babou08
6:41 Loom
9:27 Feudal Age
13:56 Horse Collar
14:08 Double-Bit Axe
21:30 Castle Age
Louis087577
3:11 Loom
10:43 Feudal Age
11:11 Double-Bit Axe
12:16 Gold Mining
14:04 Horse Collar
18:33 Wheelbarrow
23:03 Castle Age
jj84
4:51 Loom
10:36 Feudal Age
11:22 Double-Bit Axe
11:55 Horse Collar
13:43 Man-at-Arms
14:30 Gold Mining
19:38 Wheelbarrow
Cast
2:35 Loom
11:00 Feudal Age
11:59 Horse Collar
12:06 Double-Bit Axe
15:13 Scale Barding Armor
15:20 Forging
20:26 Bloodlines
Toast
7:07 Loom
10:18 Feudal Age
14:20 Stone Mining
15:24 Wheelbarrow
18:16 Castle Age
16:51 Stone Mining
19:08 Fletching
20:33 Bodkin Arrow
20:55 Scale Mail Armor
aLaNi
5:09 Loom
10:58 Feudal Age
18:36 Horse Collar
Connection lost

Rejoining the realm…

Still unreachable

The connection could not be restored.

Session expired

The server has moved on; the page needs a fresh start.